 Dungeon Crawl Stone Soup version 0.32-a0-841-g4648e6c457 (webtiles) character file.

Game seed: 6746060989303774592

8453 ezpacito the Trooper (level 11, 0/126 HPs)
             Began as a Coglin Chaos Knight on Mar 26, 2024.
             Was a Plaything of Xom.
             Constricted to death by Erica (1 damage)
             ... on level 8 of the Dungeon.
             The game lasted 00:10:22 (6760 turns).

ezpacito the Trooper (Coglin Chaos Knight)          Turns: 6760, Time: 00:10:23

Health: 0/126      AC: 25    Str: 26    XL:     11   Next: 31%
Magic:  16/16      EV:  0    Int:  9    God:    Xom [..*...]
Gold:   51         SH:  0    Dex: 13    Spells: 8/17 levels left

rFire   . . .        v - +2 hand axe of Vynt {venom, rElec rF- rC- Str+8}
rCold   . . .        a - +1 hand axe (chaos) {Jabu}
rNeg    . . .        l - +2 plate armour {rC+}
rPois   .            m - +0 helmet "Kurum" {Regen+}
rElec   +            s - +2 cloak
rCorr   .            B - +2 pair of gloves
SInv    .            y - +2 pair of boots {Fly}
Will    .....        (amulet unavailable) Stlth
                     (ring unavailable)
HPRegen 1.21/turn    (ring unavailable)
MPRegen 0.15/turn    (no gizmo)

%: no passive effects
@: berserking, lethally poisoned (0 -> -8), flying, constricted, revved, very
quick
A: off-hand wielding, slow wielding, warmup strikes, no jewellery, dopey 1, fire
resistance 1, sturdy frame 1
a: Invent Gizmo, Renounce Religion


You were on level 8 of the Dungeon.
You worshipped Xom.
You were a toy of Xom.
You visited 2 branches of the dungeon, and saw 9 of its levels.
You also visited: Sewer.

You collected 432 gold pieces.
You spent 381 gold pieces at shops.

Inventory:

Hand Weapons
 a - a +1 hand axe of chaos (offhand) {Jabu}
 c - a +0 trident
 d - a +2 whip of freezing
 f - a +0 war axe
 v - the +2 hand axe of Vynt (weapon) {venom, rElec rF- rC- Str+8}
   (You found it on level 1 of the Dungeon)

   Str+8:     It affects your strength (+8).
   rF-:       It makes you vulnerable to fire.
   rC-:       It makes you vulnerable to cold.
   rElec:     It insulates you from electricity.
Missiles
 h - 5 boomerangs
 F - 11 poisoned darts (quivered)
Armour
 i - +0 steam dragon scales
 l - a +2 plate armour of cold resistance (worn)
 m - the +0 helmet "Kurum" (worn) {Regen+}
   (You found it on level 6 of the Dungeon)

   Regen+:    It increases your rate of health regeneration.
 s - a +2 cloak (worn)
 y - a +2 pair of boots of flying (worn)
 B - a +2 pair of gloves (worn)
Magical Staves
 j - a staff of air
Talismans
 b - a flux talisman
Wands
 n - a wand of flame (8)
Scrolls
 e - 3 scrolls of revelation
 k - a scroll of amnesia
 q - a scroll of immolation
 r - 2 scrolls of vulnerability
 t - 4 scrolls of teleportation
 D - a scroll of poison
Potions
 g - 2 potions of cancellation
 o - 4 potions of enlightenment
 p - 2 potions of attraction
 u - 2 potions of brilliance
 w - a potion of ambrosia
 x - 2 potions of magic
 z - 2 potions of mutation
 C - a potion of resistance {unknown}


   Skills:
 * Level 7.3 Fighting
 * Level 7.3(8.0) Axes
 + Level 4.3(6.1) Polearms
 * Level 6.3 Armour
 * Level 6.1 Dodging
 + Level 4.3 Stealth
 + Level 3.7 Spellcasting
 + Level 3.5 Summonings
 + Level 3.8 Alchemy
 + Level 5.9 Evocations


You had 8 spell levels left.
You knew the following spells:

 Your Spells              Type           Power      Damage    Failure   Level
a - Yara's Violent Unrav  Hex/Alch       2%         3d3       100%        5
b - Tukima's Dance        Hex            1%         N/A       99%         3
c - Summon Small Mammal   Summ           32%        N/A       41%         1

Your spell library contained the following spells:

 Spells                   Type           Power      Damage    Failure   Level
 Call Canine Familiar     Summ           8%         N/A       80%         3
 Ensorcelled Hibernation  Hex/Ice        2%         N/A       96%         2
 Frozen Ramparts          Ice            2%         1d1       99%         3
 Fugue of the Fallen      Necr           1%         N/A       99%         3
 Ozocubu's Armour         Ice            1%         N/A       99%         3
 Anguish                  Hex/Necr       0%         N/A       100%        4
 Passage of Golubria      Tloc           1%         N/A       100%        4
 Summon Blazeheart Golem  Fire/Summ      4%         N/A       100%        4
 Metabolic Englaciation   Hex/Ice        0%         N/A       100%        5


Dungeon Overview and Level Annotations

Branches:
Dungeon (8/15)             Temple (1/1) D:6           Sewer (visited)
   Lair: D:8-11

Altars:
Ashenzari
Cheibriados
Dithmenos
Elyvilon
Fedhas
Gozag
Hepliaklqana
Kikubaaqudgha
Makhleb
Nemelex Xobeh
Okawaru
Qazlal
Ru
Sif Muna
Trog
Uskayaw
Vehumet
Wu Jian
Xom
Zin
The Shining One

Shops:
D:7 [   D:8 ::[

Annotations:
D:5 2 transporters, Spacecowgir2's ghost, novice MiFi
D:8 Erica


Innate Abilities, Weirdness & Mutations

You can wield a second weapon in your off-hand.
It takes a long time for you to wield or remove held weapons.
Your first few attacks do less damage.
You cannot equip rings or amulets.
You are dopey. (Int -2)
Your flesh is heat resistant. (rF+)
Your movements are slightly less encumbered by armour. (ER -2)


Message History

Erica flies into a frenzy!
Erica is severely wounded.
You barely miss Erica with the +2 hand axe of Vynt.
You feel extremely sick.
Erica hits you with a +1 scimitar of flaming!
Erica burns you. Erica constricts you. Erica hits you but does no damage.
Erica constricts you.
You take 21 damage, and have 32/84 hp.
MASSIVE DAMAGE!!
A red film seems to cover your vision as you go berserk!
You feel yourself moving faster!
You feel mighty!
You feel very sick.
Erica hits you with a +1 scimitar of flaming!
* * * LOW HITPOINT WARNING * * *
Erica burns you.
* * * LOW HITPOINT WARNING * * *
Erica constricts you.
* * * LOW HITPOINT WARNING * * *
You now have 34/126 hp.
You barely miss Erica with the +2 hand axe of Vynt.
Erica is severely wounded.
You closely miss Erica with your +1 hand axe of chaos.
You feel very sick.
Erica hits you with a +1 scimitar of flaming.
* * * LOW HITPOINT WARNING * * *
Erica burns you.
* * * LOW HITPOINT WARNING * * *
Erica constricts you.
You take 11 damage, and have 23/126 hp.
You slash Erica with your +1 hand axe of chaos!
You feel better.
Erica is almost dead.
You barely miss Erica with the +2 hand axe of Vynt.
You feel sick.
Erica hits you with a +1 scimitar of flaming!!
* * * LOW HITPOINT WARNING * * *
Erica burns you!
* * * LOW HITPOINT WARNING * * *
Erica constricts you.
You die...
Xom thinks this is hilarious!

# .### .. ..###
.## #x#.## ...
#....#
#.##.###x..##
#...........#
######.##...#
#.##...#########
#.##.....x@)...#
#.##.#.#######.#
#######.##.#.#
.∩#..##.##.#.#
..##<##.##.#.#
.♣##.##.##>#.#
.>.#.##.##.#.###
......#.##.....#
....>...†..#.#.###


You could see the neutral Erica (fast, strong, frenzied, very poisoned).

Vanquished Creatures
  A boulder beetle (D:7)
  Pikel (D:6)
  Maggie (D:7)
  Grinder (D:4)
  Sigmund (D:2)
  A vampire (D:6)
  6 yaks (D:7)
  A wyvern (D:8)
  8 humans (D:7)
  Eustachio (D:5)
  2 steam dragons (D:7)
  Menkaure (D:6)
  Edmund (D:6)
  A water moccasin (D:4)
  2 orc warriors
  4 sky beasts
  An ice beast (D:6)
  A tengu (D:8)
  4 black bears
  A crocodile (Sewer)
  2 ogres
  A centaur (D:8)
  2 lemures (D:6)
  A phantom (D:5)
  5 bullfrogs
  A gnoll sergeant (D:8)
  2 scorpions
  5 wights
  5 killer bees (D:7)
  4 howler monkeys
  9 hounds
  2 bombardier beetles
  3 jellies
  Crazy Yiuf (D:7)
  A gnoll bouda (D:7)
  5 sleepcaps
  Natasha (twice) (D:4)
  Terence (D:2)
  3 iguanas
  An orc wizard (D:8)
  7 gnolls
  7 adders
  2 shadow imps
  3 ufetubi
  3 dart slugs
  A ribbon worm (D:2)
  11 orcs
  7 ball pythons
  6 endoplasms
  3 giant cockroaches
  6 goblins
  6 hobgoblins
  5 jackals
  7 kobolds
  5 quokkas
  4 bats
  2 frilled lizards
  7 rats
188 creatures vanquished.

Vanquished Creatures (others)
  Joseph (D:7)
  A human (D:7)
  An orc wizard (D:7)
3 creatures vanquished.

Grand Total: 191 creatures vanquished

Notes
Turn   | Place    | Note
-------+----------+-------------------------------------------
     0 | D:1      | ezpacito the Coglin Chaos Knight began the quest for the
                  | Orb.
     0 | D:1      | Reached XP level 1. HP: 18/18 MP: 1/1
   231 | D:1      | Reached skill level 1 in Dodging
   323 | D:1      | You fall into a shaft and drop 1 floor!
   354 | D:2      | Reached XP level 2. HP: 24/24 MP: 2/2
   481 | D:2      | Noticed Terence
   489 | D:2      | Killed Terence
   490 | D:2      | Reached XP level 3. HP: 22/29 MP: 3/3
   734 | D:1      | Identified the +2 hand axe of Vynt {venom, rElec rF- rC-
                  | Str+8}
   825 | D:2      | Reached XP level 4. HP: 30/35 MP: 3/5
  1051 | D:2      | Noticed Sigmund
  1058 | D:2      | XOM: butterfly on damage
  1059 | D:2      | Killed Sigmund
  1060 | D:2      | Reached skill level 1 in Polearms
  1060 | D:2      | Reached skill level 1 in Stealth
  1060 | D:2      | Reached skill level 1 in Spellcasting
  1060 | D:2      | Reached skill level 1 in Evocations
  1060 | D:2      | Reached XP level 5. HP: 21/42 MP: 6/6
  1060 | D:2      | Reached XP level 6. HP: 25/48 MP: 7/7
  1360 | D:3      | Found a faded altar of an unknown god.
  1395 | D:3      | XOM: god gift: runed ring mail {god gift}
  1410 | D:3      | XOM: 2-stop teleportation journey
  1468 | D:3      | XOM: divination: detect creatures
  1517 | D:3      | XOM: cloud trail
  1769 | D:4      | Noticed Natasha
  1778 | D:4      | Killed Natasha
  1815 | D:4      | XOM: confuse monster(s)
  1836 | D:4      | Noticed Grinder
  1845 | D:4      | Killed Grinder
  1846 | D:4      | Reached XP level 7. HP: 25/54 MP: 7/9
  1930 | D:4      | Noticed Natasha
  1937 | D:4      | XOM: confuse monster(s)
  1938 | D:4      | Killed Natasha
  1948 | D:4      | Found a glowing drain.
  1955 | Sewer    | Entered a sewer
  2059 | Sewer    | XOM: butterfly on damage
  2235 | D:4      | XOM: silly message
  2408 | D:4      | Reached XP level 8. HP: 48/61 MP: 9/11
  2484 | D:4      | XOM: confuse monster(s)
  2847 | D:5      | Entered Level 5 of the Dungeon
  2875 | D:5      | Noticed Eustachio
  2890 | D:5      | Killed Eustachio
  2915 | D:5      | Noticed Spacecowgir2's ghost (novice MiFi)
  2918 | D:5      | Found a transporter.
  2923 | D:5      | Found a transporter.
  2951 | D:5      | XOM: polymorph bombardier beetle -> dart slug
  3161 | D:5      | Reached skill level 5 in Fighting
  3250 | D:5      | XOM: 1-stop teleportation journey
  3311 | D:5      | Learned a level 5 spell: Yara's Violent Unravelling
  3315 | D:5      | Learned a level 3 spell: Tukima's Dance
  3317 | D:5      | Learned a level 1 spell: Summon Small Mammal
  3360 | D:5      | XOM: 1-stop teleportation journey
  3425 | D:5      | Reached skill level 5 in Axes
  3990 | D:5      | XOM: noise
  4024 | D:5      | XOM: give mutations
  4024 | D:5      | Gained mutation: Your movements are slightly less
                  | encumbered by armour. (ER -2) [Xom's mischief]
  4024 | D:5      | Gained mutation: Your flesh is heat resistant. (rF+) [Xom's
                  | mischief]
  4024 | D:5      | Gained mutation: You are dopey. (Int -2) [Xom's mischief]
  4076 | D:6      | Noticed Pikel
  4078 | D:6      | Noticed Menkaure
  4082 | D:6      | XOM: confusion (+ monsters)
  4085 | D:6      | XOM: silly message
  4091 | D:6      | XOM: summons 3 hostile shadow creatures
  4092 | D:6      | Killed Pikel
  4093 | D:6      | Reached skill level 1 in Summonings
  4093 | D:6      | Reached skill level 1 in Alchemy
  4093 | D:6      | Reached XP level 9. HP: 64/68 MP: 12/12
  4095 | D:6      | Killed Menkaure
  4143 | D:6      | XOM: summons 1 hostile demon
  4181 | D:6      | XOM: chaos cloud
  4182 | D:6      | Noticed Edmund
  4193 | D:6      | Killed Edmund
  4551 | D:6      | XOM: stat loss: -1 Int (8/9)
  4566 | D:6      | Reached skill level 5 in Armour
  4656 | D:6      | XOM: 3-stop teleportation journey
  4676 | D:6      | Found a staircase to the Ecumenical Temple.
  4704 | D:6      | Identified the +0 helmet "Kurum" {Regen+}
  4737 | Temple   | Entered the Ecumenical Temple
  4793 | D:6      | XOM: 8-stop teleportation journey
  4831 | D:6      | XOM: draining
  4842 | D:6      | XOM: scenery: summon butterflies
  4958 | D:6      | XOM: swap monsters
  4960 | D:6      | XOM: divination: detect creatures
  4998 | D:6      | XOM: summons 5 hostile demons
  5040 | D:6      | Reached XP level 10. HP: 62/75 MP: 14/14
  5392 | D:7      | Noticed Joseph
  5392 | D:7      | Noticed a boulder beetle
  5405 | D:7      | Killed Joseph
  5405 | D:7      | XOM: divine lightning
  5406 | D:7      | Reached skill level 5 in Dodging
  5417 | D:7      | XOM: summons 3 friendly demons
  5449 | D:7      | Killed a boulder beetle
  5513 | D:7      | XOM: god gift: 4 stones
  5584 | D:7      | Found a runed translucent door.
  5585 | D:7      | Noticed Crazy Yiuf
  5649 | D:7      | Reached skill level 5 in Evocations
  5767 | D:7      | Found a shadowy altar of Dithmenos.
  5789 | D:7      | Found a burning altar of Makhleb.
  5845 | D:7      | Found Nat Asa's Antique Armour Shop.
  5873 | D:7      | Bought a runed cloak for 127 gold pieces
  5873 | D:7      | Bought a pair of embroidered boots for 127 gold pieces
  5891 | D:7      | Bought a pair of glowing gloves for 127 gold pieces
  5927 | D:7      | XOM: potion effect (might)
  5928 | D:7      | Noticed Maggie
  5931 | D:7      | XOM: divination: magic mapping
  5966 | D:7      | Killed Maggie
  5967 | D:7      | Reached XP level 11. HP: 84/84 MP: 16/16
  6369 | D:7      | Killed Crazy Yiuf
  6423 | D:8      | Found Vomaisoz's Book Boutique.
  6483 | D:8      | XOM: noise
  6494 | D:8      | XOM: silly message
  6554 | D:8      | Found Doiluso's Armour Boutique.
  6565 | D:8      | XOM: confuse monster(s)
  6617 | D:8      | Found Zargha Qoura's Book Shop.
  6706 | D:8      | XOM: silly message
  6714 | D:8      | XOM: 3-stop teleportation journey
  6727 | D:8      | XOM: polymorph howler monkey -> tengu
  6740 | D:8      | Noticed Erica
  6760 | D:8      | HP: 1/126 [Erica/+1 scimitar of flaming (7)]
  6760 | D:8      | Constricted to death by Erica

Illustrated notes

Levels and vault maps discovered:
D:1:      minmay_arrival_checkered_box, layout_rooms, solitary_fountain,
          minivault_5
D:2:      layout_basic, uniq_terence, uniq_sigmund
D:3:      layout_rooms, chequers_ecumenical_altar_simple_redux,
          minmay_misc_feat_x
D:4:      layout_rooms, portal_sewer_entry_e, hangedman_minor_gate_pass,
          uniq_natasha, uniq_grinder
D:5:      layout_cave_pods, gammafunk_ghost_hive, serial_bayou_crossing,
          uniq_eustachio
D:6:      minmay_recursive_quarters, layout_basic,
          minmay_temple_entry_enclosed_plants, uniq_pikel, uniq_edmund,
          uniq_menkaure
D:7:      erik_cavepeople, layout_loops_ring, makhleb_heckhound_becter,
          mainiacjoe_overflow_chevrons, serial_shops,
          nicolae_shop_competitors_out_of_business, minmay_chambers_of_fives,
          uniq_crazy_yiuf_cottage, uniq_maggie, uniq_joseph
D:8:      layout_loops_ring, lemuel_mausoleum_altar_yredelemnul, serial_shops,
          nicolae_shop_pleasant_corner_grove, shop, nicolae_book_shop_shelving,
          shop, minmay_evil_grid, uniq_erica
Temple:   compressed_dpeg_triangle_lava_temple

Skill      XL: |  1  2  3  4  5  6  7  8  9 10 11 |
---------------+----------------------------------+-----
Dodging        | 1 2 3 4 5 6 |  6.1
Armour         | 2 3 4 5 6 |  6.3
Polearms       | 1 2 3 4 |  4.3
Stealth        | 1 2 3 4 |  4.3
Spellcasting   | 1 2 3 |  3.7
Evocations     | 1 2 3 4 5 |  5.9
Fighting       | 4 5 6 7 |  7.3
Axes           | 4 5 6 7 |  7.3
Summonings     | 1 2 3 |  3.5
Alchemy        | 1 2 3 |  3.8

Action                     |  1- 3 |  4- 6 |  7- 9 | 10-12 || total
---------------------------+-------+-------+-------+-------++-------
  Melee: Hand axe          |    37 |    76 |   344 |   337 ||   794
         Dagger            |    26 |       |       |       ||    26
  Evoke: Wand              |       |       |       |     1 ||     1
    Use: Scroll            |       |     8 |    16 |     2 ||    26
         Potion            |       |       |    11 |     8 ||    19
   Stab: Sleeping          |       |     1 |     4 |       ||     5
         Confused          |       |       |     5 |     1 ||     6
         Invisible         |       |       |     4 |       ||     4
         Held in net/web   |       |       |     4 |       ||     4
 Armour: Leather armour    |    21 |     8 |       |       ||    29
         Ring mail         |       |    13 |   133 |    53 ||   199
         Plate armour      |       |       |       |   128 ||   128
  Dodge: Dodged            |    15 |    23 |   136 |    90 ||   264

Table legend: (Time is in decaauts)
 A = Elapsed time spent in this place.
 B = Non-inter-level travel time spent in this place.
 C = Inter-level travel time spent in this place.
 D = Time resting spent in this place.
 E = Time spent auto-exploring this place.
 F = Levels seen in this place.
 G = Mean time per level.
                   A        B        C        D        E       F      G
               +--------+--------+--------+--------+--------+-----+--------+
         Total |   6704 |   6408 |    296 |    150 |   4906 |  10 |  670.4 |
       Dungeon |   6420 |   6125 |    295 |    150 |   4683 |   8 |  802.5 |
        Temple |      1 |      1 |      0 |      0 |      0 |   1 |    1.0 |
         Sewer |    282 |    282 |      0 |      0 |    223 |   1 |  282.0 |
               +--------+--------+--------+--------+--------+-----+--------+

Top non-repeatable levels by time:
     D:5: 1235 daAuts
     D:6: 1171 daAuts
     D:7: 1064 daAuts
     D:4: 837 daAuts
     D:2: 745 daAuts
     D:1: 556 daAuts
     D:3: 450 daAuts
     D:8: 358 daAuts
   Sewer: 282 daAuts
  Temple: 1 daAuts
